 Dungeon Crawl Stone Soup version 0.30.2 (webtiles) character file.

Game seed: 3944561869973738637

3547 porpoise the Skirmisher (level 9, -4/64 HPs)
             Began as a Demonspawn Hunter on Feb 1, 2024.
             Was a Follower of Hepliaklqana.
             Slain by a two-headed ogre
             ... wielding a +0 giant club
              (20 damage)
             ... on level 8 of the Dungeon.
             The game lasted 00:26:27 (7278 turns).

porpoise the Skirmisher (Demonspawn Hunter)         Turns: 7278, Time: 00:26:27

Health: -4/64      AC:  8    Str: 12    XL:     9   Next: 83%
Magic:  10/11      EV: 12    Int: 13    God:    Hepliaklqana [*.....]
Gold:   246        SH:  0    Dex: 20    Spells: 3/8 levels left

rFire   + + .        b - +0 dagger (drain)
rCold   . . .        (no shield)
rNeg    . . .        A - +0 scale mail of Objectivity {*Corrode rPois rF++ Regen+ Int+2}
rPois   +            (no helmet)
rElec   .            G - +0 cloak
rCorr   .            (no gloves)
SInv    .            (no boots)
Will    .....        (no amulet)
Stlth   +            (no ring)
HPRegen 1.10/turn    (no ring)
MPRegen 0.12/turn

%: corrode self (3%)
@: mighty, slowed, very slow
A: reduced essence, repulsion field 2, demonic magic 1
a: Renounce Religion, Recall Ancestor, Ancestor Identity


You were on level 8 of the Dungeon.
You worshipped Hepliaklqana.
Hepliaklqana was aware of your devotion.
You visited 2 branches of the dungeon, and saw 9 of its levels.

You collected 434 gold pieces.
You spent 188 gold pieces at shops.

Inventory:

Hand Weapons
 a - a +4 sling
 b - a +0 dagger of draining (weapon)
 k - a +4 trident
 q - a +0 shortbow
Missiles
 s - 14 poisoned darts
 B - 6 silver javelins
 F - 3 boomerangs of dispersal
Armour
 c - a +0 robe of the Archmagi
 w - a +1 ring mail of fire resistance
 A - the +0 scale mail of Objectivity (worn) {*Corrode rPois rF++ Regen+ Int+2}
   (You found it on level 4 of the Dungeon)

   Int:       It affects your intelligence (+2).
   rF:        It greatly protects you from fire.
   rPois:     It protects you from poison.
   Regen:     It increases your rate of health regeneration.
   *Corrode:  It may corrode you when you take damage.
 G - a +0 cloak (worn)
Magical Staves
 h - a staff of earth
Jewellery
 e - an amulet of guardian spirit
 i - a ring of ice
 x - an amulet of reflection
Wands
 l - a wand of light (4)
 y - a wand of polymorph (2)
 I - a wand of flame (14)
Scrolls
 d - 2 scrolls of immolation
 j - 6 scrolls of teleportation
 t - 3 scrolls of noise
 D - 3 scrolls of fog
 E - a scroll of magic mapping
 H - a scroll of enchant armour
Potions
 f - 4 potions of curing
 m - a potion of resistance
 n - a potion of flight
 o - a potion of lignification
 r - a potion of attraction
 u - 2 potions of haste
 v - a potion of berserk rage
 z - a potion of ambrosia {unknown}
 C - a potion of degeneration {unknown}


   Skills:
 - Level 7.0 Fighting
 * Level 10.5 Ranged Weapons
 + Level 4.8 Armour
 - Level 1.7 Dodging
 - Level 0.8 Stealth
 + Level 3.7 Invocations


You had 3 spell levels left.
You knew the following spells:

 Your Spells              Type           Power      Damage    Failure   Level
e - Ensorcelled Hibernat  Hex/Ice        0%         N/A       91%         2
p - Portal Projectile     Hex/Tloc       0%         N/A       99%         3

Your spell library contained the following spells:

 Spells                   Type           Power      Damage    Failure   Level
 Apportation              Tloc           0%         N/A       82%         1
 Shock                    Conj/Air       0%         1d3       82%         1
 Passwall                 Tmut/Erth      0%         N/A       91%         2
 Inner Flame              Hex/Fire       0%         N/A       99%         3
 Swiftness                Air            0%         N/A       99%         3
 Tukima's Dance           Hex            0%         N/A       99%         3
 Vampiric Draining        Necr           0%         2d6       99%         3
 Airstrike                Air            0%         2d(0-16)  100%        4
 Agony                    Necr           0%         N/A       100%        5
 Alistair's Intoxication  Tmut/Pois      0%         N/A       100%        5
 Blade Hands              Tmut           0%         N/A       100%        5
 Borgnjor's Vile Clutch   Necr/Erth      0%         N/A       100%        5
 Yara's Violent Unravell  Hex/Tmut       0%         3d3       100%        5
 Enfeeble                 Hex            0%         N/A       100%        7


Dungeon Overview and Level Annotations

Branches:
Dungeon (8/15)             Temple (1/1) D:6
   Lair: D:8-11

Altars:
Ashenzari
Cheibriados
Dithmenos
Fedhas
Hepliaklqana
Makhleb
Okawaru
Qazlal
Ru
Sif Muna
Trog
Uskayaw
Vehumet
Wu Jian
Yredelemnul

Shops:
D:5 (   D:6 !?(=[

Annotations:
D:3 exclusion: door
D:4 3 runed translucent doors, exclusion: upstairs, bronco's ghost, novice HOFi
D:8 Maurice


Innate Abilities, Weirdness & Mutations

Your life essence is reduced to manifest your ancestor. (-10% HP)
You are surrounded by a moderate repulsion field. (EV +3)
Spells you cast may paralyse adjacent enemies.


Message History

The curare-tipped dart hits you.
You hear some strange, mumbled words.
A bolt of poison appears from out of thin air!
The bolt of poison misses you.
You barely miss something.
The kobold brigand throws a curare-tipped dart.
The curare-tipped dart hits you.
You are poisoned.
You have difficulty breathing.
You feel yourself slow down.
You miss something.
You feel very sick.
You hear some strange, mumbled words.
You feel as though you will be slow longer.
You barely miss something.
You feel very sick. Something hits you.
The white imp shouts, "Scamper hence, thou frothy common-kissing canker-blossom!"
You hit something.
You feel sick.
The kobold brigand throws a curare-tipped dart.
The curare-tipped dart hits you. Something hits you.
Maurice mumbles some strange words.
Maurice blinks!
You hit something.
Reactivating autopickup.
You feel a bit more experienced.
Wilfreda emerges from the mists of memory!
You feel sick.
Your Invocations skill increases to level 3!
You hit the kobold brigand. You drain the kobold brigand.
The kobold brigand is heavily wounded.
You feel sick. The kobold brigand barely misses you.
You barely miss the two-headed ogre.
You feel sick.
You are no longer poisoned.
The two-headed ogre hits you with a +0 giant club!
* * * LOW HITPOINT WARNING * * *
The two-headed ogre closely misses you.
You puncture the two-headed ogre! You drain the two-headed ogre.
The two-headed ogre is moderately wounded.
The two-headed ogre hits you with a +0 giant club!!
You die...

#).## ##....# #)#.#
#<##..#
##...####+####.##..#
...........5...@KJ.#####
##.##...#.##.###5K.....#
##.###.......# #K#.###.#
#...###.....## #K#..#
#...###.....# #O##.#
......#.....# #@##.##.#
##.##.#.....# #R......#
#.##.####### ####.####
..##.# # .####.# #####.#
..<...# #######


You could see the friendly Wilfreda the ancestor, Maurice (swift), a two-headed
ogre (drained), a kobold brigand (drained, ally target), a jelly, a white imp
and 3 kobolds.

Vanquished Creatures
  Erica (D:8)
  Edmund (D:4)
  2 sky beasts
  An orc warrior (D:7)
  2 ice beasts
  2 ogres
  2 black bears
  2 centaurs
  Blork the orc (D:4)
  A gnoll sergeant (D:7)
  5 scorpions
  3 wights (D:6)
  A howler monkey (D:5)
  6 hounds
  4 jellies
  2 orc priests
  Terence (D:3)
  4 iguanas
  A sleepcap (D:5)
  5 orc wizards
  A scorpion zombie (D:3)
  Ijyb (D:4)
  6 adders
  9 gnolls
  A shadow imp (D:6)
  2 white imps
  An adder zombie (D:3)
  2 worms (D:2)
  A dart slug (D:3)
  16 orcs
  8 bats
  9 endoplasms
  3 giant cockroaches
  6 goblins
  7 hobgoblins
  4 jackals (D:2)
  3 quokkas
  5 ball pythons
  2 ball python zombies (D:3)
  4 frilled lizards
  3 kobolds
  6 rats
147 creatures vanquished.

Vanquished Creatures (collateral kills)
  A steam dragon (D:7)
  A sky beast (D:7)
  A bullfrog (D:7)
  A wight (D:7)
  A sleepcap (D:7)
  An orc wizard (D:7)
  2 gnolls (D:7)
  A white imp (D:7)
  2 orcs (D:7)
11 creatures vanquished.

Vanquished Creatures (others)
  3 ancestors
3 creatures vanquished.

Grand Total: 161 creatures vanquished

Notes
Turn   | Place    | Note
-------+----------+-------------------------------------------
     0 | D:1      | porpoise the Demonspawn Hunter began the quest for the Orb.
     0 | D:1      | Reached XP level 1. HP: 16/16 MP: 1/1
   160 | D:1      | Gained mutation: You are surrounded by a mild repulsion
                  | field. (EV +2) [demonic ancestry]
   160 | D:1      | Reached XP level 2. HP: 22/22 MP: 2/2
   384 | D:1      | Reached skill level 4 in Ranged Weapons
   976 | D:2      | Reached XP level 3. HP: 28/28 MP: 3/3
  1593 | D:3      | Found a shadowy altar of Dithmenos.
  1750 | D:3      | Gained mutation: Spells you cast may paralyse adjacent
                  | enemies. [demonic ancestry]
  1750 | D:3      | Reached XP level 4. HP: 18/34 MP: 4/4
  2090 | D:3      | Reached skill level 5 in Ranged Weapons
  2325 | D:3      | Found a basalt altar of Yredelemnul.
  2342 | D:3      | Reached XP level 5. HP: 37/41 MP: 5/5
  2495 | D:3      | Found a shimmering blue altar of Sif Muna.
  2592 | D:3      | Noticed Terence
  2598 | D:3      | Killed Terence
  2638 | D:3      | Found a hide-covered altar of Uskayaw.
  3065 | D:4      | Found a large runed translucent door.
  3065 | D:4      | Found a large runed translucent door.
  3065 | D:4      | Noticed an ice beast
  3072 | D:4      | Found a large runed translucent door.
  3072 | D:4      | Found a large runed translucent door.
  3098 | D:4      | Reached XP level 6. HP: 48/48 MP: 6/6
  3115 | D:4      | Reached skill level 6 in Ranged Weapons
  3203 | D:4      | Found a sacrificial altar of Ru.
  3244 | D:4      | Noticed bronco's ghost (novice HOFi)
  3245 | D:4      | Found a runed translucent door.
  3289 | D:4      | Gained mutation: You are surrounded by a moderate repulsion
                  | field. (EV +3) [demonic ancestry]
  3289 | D:4      | Reached XP level 7. HP: 28/55 MP: 7/7
  3385 | D:4      | Learned a level 2 spell: Ensorcelled Hibernation
  3389 | D:4      | Learned a level 3 spell: Portal Projectile
  3414 | D:4      | Found a radiant altar of Vehumet.
  3490 | D:4      | Noticed Blork the orc
  3507 | D:4      | Killed Blork the orc
  3581 | D:4      | Reached skill level 7 in Ranged Weapons
  3690 | D:4      | Found a burning altar of Makhleb.
  3690 | D:4      | Noticed Ijyb
  3700 | D:4      | Killed Ijyb
  3836 | D:3      | Reached skill level 5 in Fighting
  3890 | D:4      | Found a blossoming altar of Fedhas.
  3907 | D:4      | Noticed Edmund
  3921 | D:4      | Killed Edmund
  4193 | D:4      | Identified the +0 scale mail of Objectivity {*Corrode rPois
                  | rF++ Regen+ Int+2}
  4502 | D:4      | Got the Grimoire of Necromancy
  4558 | D:5      | Entered Level 5 of the Dungeon
  4577 | D:5      | Reached skill level 1 in Armour
  4577 | D:5      | Reached XP level 8. HP: 63/63 MP: 8/8
  4583 | D:5      | Reached skill level 8 in Ranged Weapons
  4762 | D:5      | Noticed a torpor snail
  4763 | D:5      | Found a snail-covered altar of Cheibriados.
  4764 | D:5      | Noticed a torpor snail
  4764 | D:5      | Noticed a torpor snail
  4796 | D:5      | Found Ohismaz's Weapon Boutique.
  4938 | D:5      | Found a broken altar of Ashenzari.
  5520 | D:6      | Found a staircase to the Ecumenical Temple.
  5527 | Temple   | Entered the Ecumenical Temple
  5648 | Temple   | Became a worshipper of Hepliaklqana the Forgotten
  5791 | D:6      | Found Tepsiv's Antique Weapon Boutique.
  5823 | D:6      | Reached skill level 9 in Ranged Weapons
  5870 | D:6      | Found Reukeukk's Jewellery Boutique.
  5937 | D:6      | Found Vuhynyvvaff's Armour Boutique.
  6037 | D:6      | Reached * piety under Hepliaklqana
  6255 | D:6      | Found Ociboug's Distillery.
  6263 | D:6      | Bought a potion of heal wounds for 50 gold pieces
  6263 | D:6      | Bought a potion of curing for 30 gold pieces
  6263 | D:6      | Bought a potion of curing for 30 gold pieces
  6298 | D:6      | Found Lupnesit's Magic Scroll Shop.
  6301 | D:6      | Bought a scroll of identify for 26 gold pieces
  6301 | D:6      | Bought a scroll of fog for 52 gold pieces
  6397 | D:6      | Reached XP level 9. HP: 62/63 MP: 9/9
  6553 | D:7      | Reached skill level 1 in Invocations
  6669 | D:7      | Reached skill level 10 in Ranged Weapons
  7241 | D:8      | Noticed Erica
  7257 | D:8      | Noticed a two-headed ogre
  7262 | D:8      | HP: 3/64 [something (1)]
  7266 | D:8      | Noticed Maurice
  7275 | D:8      | Killed Erica
  7278 | D:8      | Slain by a two-headed ogre

Illustrated notes

Levels and vault maps discovered:
D:1:      dpeg_arrival_prison, layout_basic, minmay_misc_feat_roman
D:2:      layout_basic
D:3:      kb_forest_paths, layout_basic, led_sif_book, lemuel_round_altar,
          nicolae_overflow_hidden_temple, nicolae_yredelemnul_corpse_copse,
          uniq_terence
D:4:      layout_loops_ring, lightli_temple_of_fire,
          nicolae_ru_sacrificial_ziggurat, fedhas_altar_3,
          mainiacjoe_overflow_surrounded_room, hellmonk_ghost_happy_afterlife,
          serial_park_tiny_2, minmay_hollow_rounded_squares, uniq_edmund,
          uniq_ijyb, uniq_blork_the_orc
D:5:      layout_gridville, cheibriados_altar_2, ashenzari_altar_1,
          serial_shops, nicolae_shop_bloodbath_and_beyond
D:6:      layout_basic, minmay_temple_entry_junction, serial_shops,
          nicolae_shop_dealshenge, shop, nicolae_shop_real_fake_doors,
          nicolae_inconvenience_store, shop
D:7:      layout_cave_pools
D:8:      nicolae_cairo_tiling_very_big, layout_loops_cross,
          kennysheep_mini_moat, uniq_pikel, uniq_erica, uniq_maurice
Temple:   nicolae_temple_superstar

Skill      XL: |  1  2  3  4  5  6  7  8  9 |
---------------+----------------------------+-----
Ranged Weapons | 4 5 6 7 9 10 | 10.5
Fighting       | 3 4 5 6 7 |  7.0
Armour         | 1 3 4 |  4.8
Invocations    | 3 |  3.7
Dodging        | |  1.7
Stealth        | |  0.8

Action                     |  1- 3 |  4- 6 |  7- 9 || total
---------------------------+-------+-------+-------++-------
  Melee: Dagger            |       |     5 |    43 ||    48
         Unarmed           |       |       |     3 ||     3
   Fire: Shortbow          |    83 |    79 |    80 ||   242
         Sling             |    21 |    69 |   301 ||   391
  Evoke: Wand              |       |       |     1 ||     1
    Use: Scroll            |     4 |     5 |     7 ||    16
         Potion            |       |       |     4 ||     4
 Armour: Leather armour    |     3 |     1 |       ||     4
         Ring mail         |       |    37 |     6 ||    43
         Scale mail        |       |       |    93 ||    93
  Dodge: Dodged            |    32 |   105 |   188 ||   325
